 Dungeon Sprint DCSS version 0.16-b1 (webtiles) character file.

3263 Medar the Destroyer (level 10, 0/55 HPs)
             Began as a Tengu Venom Mage on Mar 7, 2015.
             Was a Believer of Vehumet.
             Slain by a demonic crawler (12 damage)
             ... in the Dungeon (Sprint I: "Red Sonja").
             The game lasted 00:11:45 (1991 turns).

Medar the Destroyer (Tengu Venom Mage)              Turns: 1991, Time: 00:11:45

Health: 0/55       AC:  6    Str:  9    XL:     10   Next: 0%
Magic:  21/31      EV: 18    Int: 24    God:    Vehumet [**....]
Gold:   539        SH:  0    Dex: 17    Spells: 5 memorised, 21 levels left

rFire  + . .     SeeInvis .     a - +0 short sword (drain)
rCold  . . .     Clarity  .     o - +2 robe {rF+}
rNeg   . . .     SustAb   .     (no shield)
rPois  .         Gourm    .     (helmet restricted)
rElec  .         Spirit   .     (no cloak)
rCorr  .         Warding  .     k - +1 pair of gloves {Dex+3}
rMut   .         NoTele   +     (boots unavailable)
MR     .....                    (no amulet)
Stlth  ++........               (no ring)
                                (no ring)

@: brilliant, very slightly contaminated, hasted, very quick, not resistant to
hostile enchantments, unstealthy
A: able to fly, beak, talons 3
a: Fly, Renounce Religion


You were in the Dungeon.
You worshipped Vehumet.
Vehumet was pleased with you.
You were hungry.

You visited 1 branch You collected 968 gold pieces.
You spent 429 gold pieces at shops.

Inventory:

Hand weapons
 a - a +0 short sword of draining (weapon)
 b - a +0 blowgun
Missiles
 d - a curare-tipped needle
Armour
 k - a +1 pair of gloves of dexterity (worn)
 n - a +0 robe
 o - a +2 robe of fire resistance (worn)
Magical devices
 j - a wand of frost (14)
Scrolls
 i - a scroll of blinking
Potions
 c - 4 potions of curing {@q1}
 e - a potion of heal wounds
Books
 m - a Young Poisoner's Handbook

   Spells                             Type                      Level
   a - Sting                          Conjuration/Poison           1
   b - Cure Poison                    Poison                       2
   c - Mephitic Cloud                 Conjuration/Poison/Air       3
   d - Olgreb's Toxic Radiance        Poison                       4
   e - Venom Bolt                     Conjuration/Poison           5
Comestibles
 h - 2 chunks of flesh
 q - 8 fruits


   Skills:
 - Level 2.8 Fighting
 - Level 8.7 Dodging
 - Level 2.0 Stealth
 + Level 12.4 Spellcasting
 - Level 14.4 Conjurations
 - Level 11.8 Poison Magic


You had 21 spell levels left.
You knew the following spells:

 Your Spells              Type           Power        Failure   Level  Hunger
c - Venom Bolt            Conj/Pois      #######...   1%          5    ###....
p - Cure Poison           Pois           ######....   1%          2    None
s - Mephitic Cloud        Conj/Pois/Air  ######..     1%          3    None
v - Flame Tongue          Conj/Fire      #####        1%          1    None
x - Sting                 Conj/Pois      ####         1%          1    None


Dungeon Overview and Level Annotations

Branches:
Dungeon (1/1)

Altars:
Cheibriados
Dithmenos
Elyvilon
Fedhas
Gozag
Kikubaaqudgha
Makhleb
Nemelex Xobeh
Okawaru
Qazlal
Ru
Sif Muna
Trog
Vehumet
Xom
Yredelemnul
Zin
The Shining One
Jiyva

Shops:
D *[[

Annotations:
D exclusion: oklob plant


Innate Abilities, Weirdness & Mutations

You can fly.
You have a beak for a mouth.
You have claws for feet.


Message History

Casting: Venom Bolt
Confirm with . or Enter, or press ? or * to list all spells.
Aiming: Venom Bolt
Press: ? - help, Shift-Dir - straight line, f/p - kobold demonologist
Aim: a kobold demonologist, wielding a dagger and wearing a robe (severely wounded)
The bolt of poison hits the demonic crawler.
The demonic crawler is severely wounded.
The bolt of poison hits the kobold demonologist.
You kill the kobold demonologist!
Vehumet accepts your kill.
You feel your power returning.
You have reached level 10!
The demonic crawler misses you. The demonic crawler hits you.
* * * LOW HITPOINT WARNING * * *
The demonic crawler barely misses you.
Drink which item? (? for menu, Esc to quit)
It was a potion of brilliance.
You feel clever all of a sudden. The demonic crawler hits you!
You die...

#..#####)#####'#__####
#..####..#...#.####.§####
#..#__####..##K#§≈§.§#§$#
#..#_..__##'#..'§≈§.§§§.#
#⌠⌠#_.∩...'..4_#≈§≈§.#§§#
####_..._##_.#'##+#####'#
#_____###'#.#((.)###P'
############.####'###.###
#∩^.....@s')..'.....'.∩#
###++++####...##########
###.### #.#'#.# #.....#
#.[(..# #######


You could see a demonic crawler.

Vanquished Creatures
  2 centaur warriors (D)
  A deep troll (D)
  2 kobold demonologists (D)
  Sonja (D)
  A slime creature (D)
  A trapdoor spider (D)
  A yak (D)
  A wasp (D)
  Sigmund (D)
  An ogre (D)
  A jelly (D)
  Ijyb (D)
  A white imp (D)
  3 ballistomycetes (D)
18 creatures vanquished.

Vanquished Creatures (others)
  A gargoyle (D)
  2 giant spores (D)
3 creatures vanquished.

Grand Total: 21 creatures vanquished

Notes
Turn   | Place    | Note
--------------------------------------------------------------
     0 | D        | Medar, the Tengu Venom Mage, began the quest for the Orb.
     0 | D        | Reached XP level 1. HP: 10/10 MP: 3/3
     2 | D        | Noticed Ijyb
    17 | D        | Killed Ijyb
    17 | D        | Reached skill level 5 in Conjurations
    17 | D        | Reached skill level 5 in Poison Magic
    17 | D        | Reached XP level 2. HP: 14/15 MP: 0/5
   104 | D        | Noticed an ogre
   110 | D        | Killed an ogre
   110 | D        | Reached skill level 7 in Conjurations
   110 | D        | Reached XP level 3. HP: 19/19 MP: 1/9
   110 | D        | Reached XP level 4. HP: 24/24 MP: 1/10
   186 | D        | Learned a level 3 spell: Mephitic Cloud
   200 | D        | Learned a level 2 spell: Cure Poison
   200 | D        | Noticed Sigmund
   206 | D        | Killed Sigmund
   206 | D        | Reached skill level 8 in Conjurations
   206 | D        | Reached XP level 5. HP: 28/28 MP: 2/14
   293 | D        | Learned a level 5 spell: Venom Bolt
   304 | D        | Found a deep blue altar of Sif Muna.
   305 | D        | Noticed a jelly
   306 | D        | Found a radiant altar of Vehumet.
   342 | D        | Killed a jelly
   342 | D        | Reached skill level 1 in Fighting
   342 | D        | Reached skill level 9 in Conjurations
   514 | D        | Found Atwij's Antique Armour Emporium.
   514 | D        | Found a white marble altar of Elyvilon.
   514 | D        | Found a stormy altar of Qazlal.
   514 | D        | Found a burning altar of Makhleb.
   514 | D        | Found a sacrificial altar of Ru.
   514 | D        | Found a basalt altar of Yredelemnul.
   514 | D        | Found a glowing golden altar of the Shining One.
   514 | D        | Found a sparkling altar of Nemelex Xobeh.
   514 | D        | Found a shimmering altar of Xom.
   514 | D        | Found an opulent altar of Gozag.
   514 | D        | Found an ancient bone altar of Kikubaaqudgha.
   514 | D        | Found a glowing silver altar of Zin.
   514 | D        | Noticed a yak
   519 | D        | Killed a yak
   519 | D        | Reached skill level 5 in Dodging
   519 | D        | Reached skill level 10 in Conjurations
   519 | D        | Reached XP level 6. HP: 32/36 MP: 5/18
   525 | D        | Found an iron altar of Okawaru.
   526 | D        | Found a bloodstained altar of Trog.
   530 | D        | Bought a pair of runed gloves for 81 gold pieces
   609 | D        | Became a worshipper of Vehumet
   611 | D        | Noticed Sonja
   618 | D        | Killed Sonja
   618 | D        | Reached skill level 5 in Spellcasting
   618 | D        | Reached skill level 11 in Conjurations
   618 | D        | Reached XP level 7. HP: 14/40 MP: 0/20
   653 | D        | Killed a gargoyle
   746 | D        | Found Fed Sche's General Store.
   755 | D        | Bought a potion of curing for 33 gold pieces
   829 | D        | Noticed a deep troll
   838 | D        | Killed a deep troll
   838 | D        | Reached skill level 13 in Conjurations
   838 | D        | Reached skill level 10 in Poison Magic
   838 | D        | Reached XP level 8. HP: 45/45 MP: 1/23
   975 | D        | Found Prich's Armour Emporium.
   982 | D        | Bought a +2 robe of fire resistance for 194 gold pieces
   999 | D        | Noticed a centaur warrior
  1069 | D        | Noticed a centaur warrior
  1078 | D        | Noticed a wasp
  1083 | D        | Killed a centaur warrior
  1083 | D        | Acquired Vehumet's first power
  1083 | D        | Offered knowledge of Flame Tongue by Vehumet.
  1083 | D        | Reached skill level 14 in Conjurations
  1083 | D        | Reached XP level 9. HP: 23/49 MP: 3/25
  1113 | D        | Learned a level 1 spell: Flame Tongue
  1130 | D        | Bought a meat ration for 55 gold pieces
  1130 | D        | Bought 4 fruits for 66 gold pieces
  1481 | D        | Noticed an oklob plant
  1481 | D        | Noticed a trapdoor spider
  1482 | D        | Killed a trapdoor spider
  1652 | D        | Killed a wasp
  1652 | D        | Offered knowledge of Throw Flame by Vehumet.
  1654 | D        | Found a viscous altar of Jiyva.
  1655 | D        | Found a blossoming altar of Fedhas.
  1655 | D        | Noticed a slime creature
  1656 | D        | Found a snail-covered altar of Cheibriados.
  1656 | D        | Found a shadowy altar of Dithmenos.
  1674 | D        | Killed a slime creature
  1771 | D        | Killed a centaur warrior
  1958 | D        | Noticed a kobold demonologist
  1962 | D        | Noticed a kobold demonologist
  1962 | D        | Noticed a demonic crawler
  1964 | D        | Noticed a rust devil
  1968 | D        | Noticed a sun demon
  1968 | D        | Killed a kobold demonologist
  1968 | D        | Offered knowledge of Searing Ray by Vehumet.
  1970 | D        | Noticed a hellwing
  1970 | D        | Noticed a demonic crawler
  1990 | D        | Killed a kobold demonologist
  1990 | D        | Reached XP level 10. HP: 13/55 MP: 20/31
  1991 | D        | Slain by a demonic crawler

Action                   |  1- 3 |  4- 6 |  7- 9 | 10-12 || total
-------------------------+-------+-------+-------+-------++-------
Melee: Unarmed           |     7 |       |       |       ||     7
       Short sword       |       |       |    38 |       ||    38
 Fire: Blowgun           |       |       |     3 |       ||     3
 Cast: Sting             |     6 |     9 |     6 |       ||    21
       Mephitic Cloud    |       |     2 |     6 |       ||     8
       Venom Bolt        |       |     6 |    20 |     1 ||    27
       Flame Tongue      |       |       |     8 |       ||     8
 Abil: Fly               |       |     1 |       |       ||     1
Evoke: Wand              |       |     2 |     1 |       ||     3
  Use: Potion            |     1 |     2 |     3 |     1 ||     7
       Scroll            |       |       |     3 |       ||     3
 Stab: Confused          |       |       |     3 |       ||     3
       Sleeping          |       |       |     1 |       ||     1
  Eat: Bread ration      |       |     1 |       |       ||     1
       Chunk             |       |       |     2 |       ||     2
       Meat ration       |       |       |     1 |       ||     1
